 Dungeon Crawl Stone Soup version 0.30-a0-358-g0d69a1922f (webtiles) character file.

Game seed: 15667099040856455607

103 koil the Chopper (level 4, -2/38 HPs)
             Began as a Hill Orc Reaver on Nov 8, 2022.
             Slain by an ogre
             ... wielding a +0 giant club
              (13 damage)
             ... on level 3 of the Dungeon.
             The game lasted 00:08:13 (2563 turns).

koil the Chopper (Hill Orc Reaver)                  Turns: 2563, Time: 00:08:14

Health: -2/38      AC: 10    Str: 16    XL:     4   Next: 79%
Magic:  0/7        EV:  9    Int: 13    God:
Gold:   115        SH:  0    Dex:  9    Spells: 6/7 levels left

rFire   x . .      SeeInvis .    a - +0 hand axe
rCold   + + .      Faith    .    (no shield)
rNeg    . . .      Spirit   +    w - +0 ice dragon scales
rPois   .          Reflect  .    o - +0 helmet
rElec   .          Harm     .    (no cloak)
rCorr   .          Rampage  .    (no gloves)
Will    .....                    (no boots)
Stlth   ..........               t - amulet of guardian spirit
HPRegen 0.26/turn                (no ring)
MPRegen 0.10/turn                (no ring)

@: no status effects
A: no striking features
a: no special abilities


You were on level 3 of the Dungeon.
You visited 1 branch of the dungeon, and saw 3 of its levels.

You collected 115 gold pieces.

Inventory:

Hand Weapons
 a - a +0 hand axe (weapon)
 e - a +1 vampiric dagger
Missiles
 u - 5 poisoned darts
Armour
 b - a +0 leather armour
 m - a +0 chain mail
 o - a +0 helmet (worn)
 p - a +0 scale mail
 q - a +0 ring mail
 w - +0 ice dragon scales (worn)
Jewellery
 t - an amulet of guardian spirit (around neck)
Scrolls
 f - 2 scrolls of enchant armour {unknown}
 i - 2 scrolls of blinking {unknown}
 j - 2 scrolls of identify {unknown}
 n - a scroll of teleportation {unknown}
 r - a scroll of fear {unknown}
 s - a scroll of immolation {unknown}
 x - a scroll of vulnerability {unknown}
Potions
 c - 2 potions of lignification {unknown}
 d - 5 potions of brilliance {unknown}
 g - 3 potions of haste {unknown}
 h - 2 potions of might {unknown}
 k - a potion of heal wounds {unknown}
 l - a potion of curing {unknown}
 v - 2 potions of mutation {unknown}


   Skills:
 + Level 3.2 Fighting
 + Level 4.7 Axes
 + Level 1.5 Armour
 + Level 2.1 Dodging
 + Level 2.0 Spellcasting
 + Level 3.4 Conjurations


You had 6 spell levels left.
You knew the following spells:

 Your Spells              Type           Power      Damage    Failure   Level
a - Kiss of Death         Conj/Necr      20%        2d7       52%         1

Your spell library contained the following spells:

 Spells                   Type           Power      Damage    Failure   Level
 Momentum Strike          Conj/Tloc      10%        3d8       65%         2
 Dazzling Flash           Conj/Hex       10%        N/A       87%         3
 Hailstorm                Conj/Ice       5%         3d4       87%         3
 Kindle Blastsparks       Fire/Tloc/Air  2%         2d10      98%         3
 Fulminant Prism          Conj/Hex       2%         3d5       99%         4
 Iskenderun's Mystic Bla  Conj/Tloc      5%         2d3       99%         4
 Agony                    Necr           1%         N/A       100%        5
 Lee's Rapid Deconstruct  Erth           0%         3d4*      100%        5
 Silence                  Hex/Air        0%         N/A       100%        5


Dungeon Overview and Level Annotations

Branches:
Dungeon (3/15)

Altars:


Message History

Aiming: Kiss of Death (safe; 52% risk of failure)
Press: ? - help, Q - select action, (/) - cycle Shift-Dir - straight line, f - you
Okay, then.
Throw: 8 darts (poison)
Press: ? - help, Shift-Dir - straight line, f - ogre
Aim: an ogre, wielding a +0 giant club (71% to hit)
You throw a poisoned dart.
The poisoned dart barely misses the ogre.
The gnoll shouts!
Aiming: Kiss of Death (safe; 52% risk of failure)
Press: ? - help, Q - select action, (/) - cycle Shift-Dir - straight line, f - you, p - ogre That would be overly suicidal.
Okay, then.
Unknown command.
Throw: 7 darts (poison)
Press: ? - help, Shift-Dir - straight line, f - ogre
Aim: an ogre, wielding a +0 giant club (71% to hit)
You throw a poisoned dart.
The poisoned dart barely misses the ogre.
Throw: 6 darts (poison)
Press: ? - help, Shift-Dir - straight line, f/p - ogre
Aim: an ogre, wielding a +0 giant club (71% to hit)
You throw a poisoned dart.
The poisoned dart barely misses the ogre.
The ogre hits you with a +0 giant club!!
Ouch! That really hurt!
You slash the ogre!
The ogre is moderately wounded.
The ogre hits you with a +0 giant club!
You slash the ogre!
The ogre is severely wounded.
You barely miss the ogre.
The ogre is severely wounded.
The ogre hits you with a +0 giant club.
* * * LOW HITPOINT WARNING * * *
The gnoll closely misses you. The gnoll completely misses you.
You slash the ogre!
The ogre is almost dead.
The ogre hits you with a +0 giant club!
You die...

##.............# #.#
##......^.......# #.#
#...............# #.#
#..............)# #.#
#..............#
#.............#
#..........###
##.........g.# # .######
#........@O#.(..g.........
#..........# ######.######
#...)......# #####.#####.
#..........# #............
#..........# .............
##........## ......>.....g
##......## .............
####### J...........<
...........).


You could see an ogre and a gnoll.

Vanquished Creatures
  2 gnolls
  An adder (D:2)
  A worm (D:2)
  10 bats
  7 endoplasms
  2 giant cockroaches (D:2)
  8 goblins
  2 hobgoblins (D:2)
  8 jackals
  4 quokkas
  7 ball pythons
  A frilled lizard (D:1)
  5 kobolds
  6 rats
  11 plants (D:2)
  5 withered plants (D:2)
80 creatures vanquished.

Notes
Turn   | Place    | Note
-------+----------+-------------------------------------------
     0 | D:1      | koil the Hill Orc Reaver began the quest for the Orb.
     0 | D:1      | Reached XP level 1. HP: 18/18 MP: 3/3
   226 | D:1      | Reached XP level 2. HP: 21/25 MP: 4/4
   256 | D:1      | HP: 5/25 [quokka (2)]
   262 | D:1      | HP: 4/25 [quokka (1)]
   530 | D:1      | You fall into a shaft and drop 1 floor!
   565 | D:1      | Reached XP level 3. HP: 20/30 MP: 5/5
   927 | D:2      | Reached skill level 1 in Armour
  1063 | D:2      | Found a faded altar of an unknown god.
  1335 | D:2      | Reached XP level 4. HP: 38/38 MP: 6/6
  2195 | D:2      | HP: 5/38 [gnoll/+0 flail (9)]
  2196 | D:2      | HP: 2/38 [gnoll/+0 flail (3)]
  2553 | D:3      | Noticed an ogre
  2563 | D:3      | Slain by an ogre

Illustrated notes

Levels and vault maps discovered:
D:1:      dpeg_arrival_pits, layout_rooms, serial_corexii_hall,
          corexii_hall_statues_x, corexii_hall_statues_u,
          chequers_hall_statues_wall_a, chequers_hall_statues_y
D:2:      layout_loops_corners, shapermc_ecumenical_altar_flowoftime,
          moated_statue, minmay_misc_feat_nine_boxes
D:3:      layout_rooms, mainiacjoe_overflow_surrounded_room

Skill      XL: |  1  2  3  4 |
---------------+-------------+-----
Armour         | 1 |  1.5
Fighting       | 3 |  3.2
Dodging        | 2 |  2.1
Spellcasting   | 2 |  2.0
Axes           | |  4.7
Conjurations   | |  3.4

Action                   |  1- 3 |  4- 6 || total
-------------------------+-------+-------++-------
Melee: Hand axe          |   149 |   107 ||   256
       Punch             |     2 |       ||     2
Throw: Dart              |       |     3 ||     3
Armor: Leather armour    |    63 |    13 ||    76
       Ice dragon scales |       |    35 ||    35
Dodge: Dodged            |   124 |    67 ||   191

Table legend: (Time is in decaauts)
 A = Elapsed time spent in this place.
 B = Non-inter-level travel time spent in this place.
 C = Inter-level travel time spent in this place.
 D = Time resting spent in this place.
 E = Time spent auto-exploring this place.
 F = Levels seen in this place.
 G = Mean time per level.
                   A        B        C        D        E       F      G
               +--------+--------+--------+--------+--------+-----+--------+
         Total |   2585 |   2522 |     63 |    130 |   1796 |   3 |  861.7 |
       Dungeon |   2585 |   2522 |     63 |    130 |   1796 |   3 |  861.7 |
               +--------+--------+--------+--------+--------+-----+--------+

Top non-repeatable levels by time:
     D:2: 1282 daAuts
     D:1: 805 daAuts
     D:3: 496 daAuts
